 Dungeon Crawl Stone Soup version 0.30-a0-341-g682706514a (webtiles) character file.

Game seed: 7224113138692746556

17577 billz999 the Skirmisher (level 12, -3/95 HPs)
             Began as a Gnoll Hunter on Nov 3, 2022.
             Was a High Priest of Kikubaaqudgha.
             Slain by a sun demon (4 damage)
             ... in a volcano.
             The game lasted 00:28:04 (11706 turns).

billz999 the Skirmisher (Gnoll Hunter)             Turns: 11706, Time: 00:28:04

Health: -3/95      AC: 12    Str: 17    XL:     12   Next: 49%
Magic:  15/23      EV: 18    Int: 10    God:    Kikubaaqudgha [*****.]
Gold:   795        SH:  0    Dex: 20    Spells: 9/26 levels left

rFire   + + .      SeeInvis +    a - +1 triple crossbow (drain)
rCold   . . .      Faith    .    (shield currently unavailable)
rNeg    . . .      Spirit   .    e - +0 steam dragon scales
rPois   .          Reflect  .    (no helmet)
rElec   .          Harm     .    i - +1 cloak of Nibbow {rF+ SInv}
rCorr   +          Rampage  .    t - +1 pair of gloves {Str+3}
Will    .....                    j - +0 pair of boots
Stlth   ++++......               (no amulet)
HPRegen 0.35/turn                N - ring "Otasisso" {rCorr Str+4 SInv}
MPRegen 0.18/turn                R - ring of protection from fire

@: spiked
A: fangs 1, strong nose, distributed training
a: Renounce Religion, Unearth Wretches, Torment


You were in a volcano.
You worshipped Kikubaaqudgha.
Kikubaaqudgha was extremely pleased with you.
You visited 2 branches of the dungeon, and saw 13 of its levels.
You also visited: Sewer and Volcano.

You collected 795 gold pieces.

Inventory:

Hand Weapons
 a - a +1 triple crossbow of draining (weapon)
 b - a +2 dagger of electrocution
Armour
 e - +0 steam dragon scales (worn)
 i - the +1 cloak of Nibbow (worn) {rF+ SInv}
   (You found it on level 9 of the Dungeon)

   rF:        It protects you from fire.
   SInv:      It lets you see invisible.
 j - a +0 pair of boots (worn)
 t - a +1 pair of gloves of strength (worn)
 v - a scarf of repulsion
Magical Staves
 x - a staff of earth
Jewellery
 y - a ring of see invisible
 z - a ring of ice
 E - a +4 ring of protection
 G - a ring of wizardry
 N - the ring "Otasisso" (left hand) {rCorr Str+4 SInv}
   (You found it on level 6 of the Dungeon)

   [ring of resist corrosion]

   Str:       It affects your strength (+4).
   SInv:      It lets you see invisible.
   rCorr:     It protects you from acid and corrosion.
 R - a ring of protection from fire (right hand)
Wands
 g - a wand of flame (4)
 m - a wand of charming (7)
 o - a wand of roots (15)
 u - a wand of digging (14)
 I - a wand of mindburst (8)
Scrolls
 f - 8 scrolls of teleportation
 q - 4 scrolls of fog
 r - 2 scrolls of poison
 D - a scroll of immolation
 F - a scroll of summoning {unknown}
 H - 3 scrolls of vulnerability {unknown}
 J - 4 scrolls of blinking {unknown}
 K - 2 scrolls of amnesia
 P - 2 scrolls of fear {unknown}
 Q - 5 scrolls of identify
Potions
 c - a potion of magic {unknown}
 d - 5 potions of mutation
 k - 6 potions of attraction
 l - 2 potions of invisibility {unknown}
 n - 4 potions of lignification
 p - 7 potions of curing
 s - a potion of heal wounds
 w - a potion of resistance {unknown}
 A - a potion of flight {unknown}
 B - a potion of haste {unknown}
 C - a potion of berserk rage {unknown}
 M - a potion of might {unknown}
 O - 2 potions of degeneration {unknown}


   Skills:
 + Level 9.0 Fighting
 + Level 7.6 Short Blades
 + Level 7.6 Long Blades
 + Level 7.6 Axes
 + Level 7.6 Maces & Flails
 + Level 7.6 Polearms
 + Level 7.6 Staves
 + Level 11.4 Ranged Weapons
 + Level 7.6 Throwing
 + Level 7.6 Armour
 + Level 9.0 Dodging
 + Level 8.0 Stealth
 + Level 7.6 Shields
 + Level 7.6 Unarmed Combat
 + Level 7.6 Spellcasting
 + Level 6.3 Conjurations
 + Level 6.3 Hexes
 + Level 6.3 Summonings
 + Level 6.3 Necromancy
 + Level 6.3 Translocations
 + Level 6.3 Transmutations
 + Level 6.3 Fire Magic
 + Level 6.3 Ice Magic
 + Level 6.3 Air Magic
 + Level 6.3 Earth Magic
 + Level 6.3 Poison Magic
 + Level 8.3 Invocations
 + Level 7.6 Evocations


You had 9 spell levels left.
You knew the following spells:

 Your Spells              Type           Power      Damage    Failure   Level
a - Mephitic Cloud        Conj/Pois/Air  16%        N/A       3%          3
b - Summon Lightning Spi  Summ/Air       16%        N/A       13%         4
c - Borgnjor's Vile Clut  Necr/Erth      8%         N/A       34%         5
d - Irradiate             Conj/Tmut      8%         3d14      34%         5

Your spell library contained the following spells:

 Spells                   Type           Power      Damage    Failure   Level
 Beastly Appendage        Tmut           32%        N/A       1%          1
 Kiss of Death            Conj/Necr      64%        2d10      1%          1
 Magic Dart               Conj           64%        1d6       1%          1
 Necrotise                Necr           64%        1d7       1%          1
 Call Imp                 Summ           16%        N/A       1%          2
 Cigotuvi's Dreadful Rot  Necr/Pois/Air  32%        N/A       1%          2
 Sublimation of Blood     Necr           16%        N/A       1%          2
 Gell's Gravitas          Tloc           16%        N/A       3%          3
 Ignite Poison            Fire/Tmut/Pois 16%        N/A       3%          3
 Kindle Blastsparks       Fire/Tloc/Air  32%        2d12      3%          3
 Teleport Other           Tloc           16%        N/A       3%          3
 Anguish                  Hex/Necr       8%         N/A       13%         4
 Animate Dead             Necr           16%        N/A       13%         4
 Dispel Undead            Necr           16%        3d10      13%         4
 Agony                    Necr           16%        N/A       34%         5
 Freezing Cloud           Conj/Ice/Air   8%         6-21      34%         5
 Silence                  Hex/Air        8%         N/A       34%         5
 Death Channel            Necr           8%         N/A       89%         6
 Dispersal                Tloc           8%         N/A       89%         6
 Simulacrum               Ice/Necr       8%         N/A       89%         6
 Storm Form               Tmut/Air       8%         N/A       100%        7
 Maxwell's Capacitive Co  Air            8%         ∞         100%        8


Dungeon Overview and Level Annotations

Branches:
Dungeon (11/15)            Temple (0/1) D:7            Lair (2/5) D:11
    Orc (0/2) D:11          Sewer (visited)         Volcano (1/1)
  Swamp: Lair:2-3    Shoals: Lair:2-3     Snake: Lair:2-3    Spider: Lair:2-3

Altars:
Ashenzari
Dithmenos
Gozag
Kikubaaqudgha
Trog
Uskayaw
Vehumet

Shops:
D:1 =   D:10 :

Annotations:
D:3 1 runed translucent door, p00ps00p's ghost, amateur HOFi
D:10 4 transporters
D:11 1 runed translucent door, sirJeffrey23's ghost, journeyman FoFi


Innate Abilities, Weirdness & Mutations

You have very sharp teeth.
Your uncanny sense of smell can sniff out nearby items.
Your experience applies equally to all skills.


Message History

Your lightning spire shoots out a bolt of lightning at the sun demon!
The bolt of electricity hits the sun demon.
The sun demon resists.
The bolt of electricity hits the red devil!
The bolt of electricity misses the red devil.
Okay, then.
It was a potion of heal wounds.
You feel much better.
The red devil hits your lightning spire from afar with a +0 trident of flaming.
Your lightning spire is skewered by barbed spikes.
You feel much better. The sun demon barely misses you.
The red devil hits your lightning spire from afar with a +0 trident of flaming!
Your lightning spire is destroyed!
Your lightning spire disappears in a puff of smoke!
The sun demon closely misses you.
Unknown command.
Aiming: Mindburst
Press: ? - help, Shift-Dir - straight line, f/p - sun demon
Aim: a sun demon (moderately wounded, chance to affect: 40%)
The sun demon's mind is blasted!
The sun demon hits you!!
You are engulfed in flames.
You resist.
* * * LOW HITPOINT WARNING * * *
The red devil hits you from afar with a +0 trident of flaming.
* * * LOW HITPOINT WARNING * * *
Barbed spikes become lodged in your body.
The red devil burns you.
* * * LOW HITPOINT WARNING * * *
Aiming: Mindburst
Press: ? - help, Shift-Dir - straight line, f/p - sun demon
Aim: a sun demon (severely wounded, chance to affect: 40%)
The sun demon resists with some effort.
The sun demon hits you!
* * * LOW HITPOINT WARNING * * *
You are engulfed in flames.
You resist.
* * * LOW HITPOINT WARNING * * *
The red devil closely misses you.
You shoot a bolt. The bolt closely misses the sun demon.
The sun demon hits you.
* * * LOW HITPOINT WARNING * * *
You are engulfed in flames.
You resist.
You die...
Kikubaaqudgha rasps: "You have failed me!
Welcome... death!"

§......#
....§≈≈§.≈§...##
..≈≈§≈≈≈≈≈≈....###
..§§≈§≈≈§≈≈≈§....##
..§§≈§≈≈≈§§≈≈.....#
..≈§≈≈§§§§§≈≈....##
...≈≈≈≈≈≈§§≈≈§..3.###
.....§§≈≈≈§≈§...@.4.#
......§.......######..#
#.#..########## ≈.#
###.## .# .∩#.# 4)∆
...#### .$ .∩.§§§# ∆∆$
≈..§≈§# §≈≈§§##


You could see a sun demon and a red devil.

Vanquished Creatures
  Sonja (D:11)
  Amaemon (Lair:2)
  2 ugly things (D:10)
  A cyclops (D:11)
  Maurice (D:8)
  A black mamba (Lair:2)
  A gargoyle (D:11)
  2 komodo dragons
  A torpor snail (Lair:1)
  3 cane toads
  A rime drake (Lair:2)
  A red devil (Volcano)
  A hornet (D:8)
  A blink frog (Lair:2)
  A nameless horror (Volcano)
  A shadow (D:9)
  2 wraiths
  A basilisk (Lair:2)
  12 yaks
  A steam dragon (D:9)
  An acid dragon (D:11)
  9 water moccasins
  3 orc warriors
  3 sky beasts
  A black bear (D:8)
  2 ice beasts
  An ogre (D:5)
  6 wolves
  3 centaurs
  2 kobold brigands
  8 bullfrogs
  4 wights
  9 killer bees
  5 electric eels (D:11)
  3 howler monkeys
  A gnoll bouda (D:7)
  An orc priest (D:11)
  3 hounds
  4 jellies
  4 iguanas
  12 orc wizards
  A hell rat (Sewer)
  Robin (D:2)
  6 adders
  6 gnolls
  2 river rats
  A shadow imp (D:7)
  3 white imps
  3 ufetubi
  4 dart slugs
  41 orcs
  6 ball pythons
  4 bats
  2 endoplasms (D:1)
  6 giant cockroaches
  16 goblins
  6 hobgoblins
  7 kobolds
  5 quokkas
  5 frilled lizards
  10 rats
256 creatures vanquished.

Vanquished Creatures (collateral kills)
  2 two-headed ogres
  An orc knight (D:11)
  An ugly thing (D:11)
  An orange demon (Lair:2)
  A troll (D:11)
  3 blink frogs (Lair:2)
  5 yaks
  2 wolves (Lair:1)
  A bullfrog (Lair:1)
  2 wights
  A killer bee (D:10)
  2 orc priests (D:11)
  2 hounds (D:11)
  7 orcs (D:11)
31 creatures vanquished.

Vanquished Creatures (others)
  3 fungi
  4 plants
  2 withered plants (D:3)
9 creatures vanquished.

Grand Total: 296 creatures vanquished

Notes
Turn   | Place    | Note
-------+----------+-------------------------------------------
     0 | D:1      | billz999 the Gnoll Hunter began the quest for the Orb.
     0 | D:1      | Reached XP level 1. HP: 20/20 MP: 1/1
    45 | D:1      | Reached XP level 2. HP: 26/26 MP: 2/2
    66 | D:1      | Found Zibif's Jewellery Shop.
    90 | D:1      | Found a faded altar of an unknown god.
   214 | D:1      | Reached XP level 3. HP: 31/31 MP: 3/3
   494 | D:2      | Reached skill level 1 in Invocations
   551 | D:2      | Reached skill level 1 in Short Blades
   551 | D:2      | Reached skill level 1 in Long Blades
   551 | D:2      | Reached skill level 1 in Axes
   551 | D:2      | Reached skill level 1 in Maces & Flails
   551 | D:2      | Reached skill level 1 in Polearms
   551 | D:2      | Reached skill level 1 in Staves
   551 | D:2      | Reached skill level 1 in Throwing
   551 | D:2      | Reached skill level 1 in Armour
   551 | D:2      | Reached skill level 1 in Shields
   551 | D:2      | Reached skill level 1 in Unarmed Combat
   551 | D:2      | Reached skill level 1 in Spellcasting
   551 | D:2      | Reached skill level 1 in Evocations
   552 | D:2      | Noticed Robin
   571 | D:2      | Found an ancient bone altar of Kikubaaqudgha.
   670 | D:2      | Killed Robin
   671 | D:2      | Reached XP level 4. HP: 27/38 MP: 5/5
   677 | D:2      | Became a worshipper of Kikubaaqudgha
   852 | D:3      | Reached skill level 1 in Conjurations
   852 | D:3      | Reached skill level 1 in Hexes
   852 | D:3      | Reached skill level 1 in Summonings
   852 | D:3      | Reached skill level 1 in Necromancy
   852 | D:3      | Reached skill level 1 in Translocations
   852 | D:3      | Reached skill level 1 in Transmutations
   852 | D:3      | Reached skill level 1 in Fire Magic
   852 | D:3      | Reached skill level 1 in Ice Magic
   852 | D:3      | Reached skill level 1 in Air Magic
   852 | D:3      | Reached skill level 1 in Earth Magic
   852 | D:3      | Reached skill level 1 in Poison Magic
   887 | D:3      | Found a glowing drain.
   891 | Sewer    | Entered a sewer
   921 | Sewer    | Reached XP level 5. HP: 34/43 MP: 5/7
  1218 | D:3      | Found a runed translucent door.
  1220 | D:3      | Noticed p00ps00p's ghost (amateur HOFi)
  1595 | D:4      | Reached * piety under Kikubaaqudgha
  1595 | D:4      | Received a gift from Kikubaaqudgha
  1778 | D:4      | Reached XP level 6. HP: 50/50 MP: 8/8
  1859 | D:4      | Reached skill level 5 in Fighting
  1859 | D:4      | Reached skill level 5 in Dodging
  2209 | D:5      | Entered Level 5 of the Dungeon
  2587 | D:5      | Reached ** piety under Kikubaaqudgha
  2743 | D:5      | Reached XP level 7. HP: 56/56 MP: 10/10
  3326 | D:6      | Learned a level 3 spell: Mephitic Cloud
  3393 | D:6      | Reached skill level 9 in Ranged Weapons
  3829 | D:6      | Identified the ring "Otasisso" {rCorr Str+4 SInv}
  4177 | D:7      | Reached XP level 8. HP: 46/63 MP: 12/12
  4387 | D:7      | Found a staircase to the Ecumenical Temple.
  5130 | D:8      | Reached XP level 9. HP: 46/69 MP: 13/15
  5498 | D:8      | Noticed Maurice
  5543 | D:8      | Killed Maurice
  5544 | D:8      | Reached skill level 5 in Stealth
  5883 | D:8      | Found a hide-covered altar of Uskayaw.
  6146 | D:7      | Reached skill level 5 in Invocations
  6409 | D:8      | Noticed a hornet
  6422 | D:8      | Killed a hornet
  6442 | D:8      | Learned a level 4 spell: Summon Lightning Spire
  6536 | D:9      | Found a broken altar of Ashenzari.
  6565 | D:9      | Reached skill level 5 in Short Blades
  6565 | D:9      | Reached skill level 5 in Long Blades
  6565 | D:9      | Reached skill level 5 in Axes
  6565 | D:9      | Reached skill level 5 in Maces & Flails
  6565 | D:9      | Reached skill level 5 in Polearms
  6565 | D:9      | Reached skill level 5 in Staves
  6565 | D:9      | Reached skill level 5 in Throwing
  6565 | D:9      | Reached skill level 5 in Armour
  6565 | D:9      | Reached skill level 5 in Shields
  6565 | D:9      | Reached skill level 5 in Unarmed Combat
  6565 | D:9      | Reached skill level 5 in Spellcasting
  6565 | D:9      | Reached skill level 5 in Evocations
  6565 | D:9      | Reached XP level 10. HP: 77/77 MP: 17/17
  6573 | D:9      | Reached skill level 10 in Ranged Weapons
  6661 | D:9      | Found a radiant altar of Vehumet.
  6677 | D:9      | Identified the +1 cloak of Nibbow {rF+ SInv}
  6820 | D:9      | Reached *** piety under Kikubaaqudgha
  6820 | D:9      | Received a gift from Kikubaaqudgha
  6827 | D:9      | Learned a level 5 spell: Borgnjor's Vile Clutch
  7246 | D:10     | Entered Level 10 of the Dungeon
  7378 | D:10     | Noticed a purple ugly thing
  7386 | D:10     | Killed a purple ugly thing
  7478 | D:10     | Found Viupradag's Tremendous Tomes.
  7507 | D:10     | Noticed a purple ugly thing
  7526 | D:10     | Killed a purple ugly thing
  7870 | D:10     | Found a transporter.
  7924 | D:10     | Found a transporter.
  7994 | D:10     | Found a shadowy altar of Dithmenos.
  8126 | D:10     | Found a transporter.
  8135 | D:10     | Found a bloodstained altar of Trog.
  8136 | D:10     | Found an opulent altar of Gozag.
  8142 | D:10     | Noticed a two-headed ogre
  8159 | D:10     | Killed a two-headed ogre
  8408 | D:10     | Found a transporter.
  8442 | D:11     | Noticed Sonja
  8452 | D:11     | Killed Sonja
  8453 | D:11     | Reached skill level 5 in Conjurations
  8453 | D:11     | Reached skill level 5 in Hexes
  8453 | D:11     | Reached skill level 5 in Summonings
  8453 | D:11     | Reached skill level 5 in Necromancy
  8453 | D:11     | Reached skill level 5 in Translocations
  8453 | D:11     | Reached skill level 5 in Transmutations
  8453 | D:11     | Reached skill level 5 in Fire Magic
  8453 | D:11     | Reached skill level 5 in Ice Magic
  8453 | D:11     | Reached skill level 5 in Air Magic
  8453 | D:11     | Reached skill level 5 in Earth Magic
  8453 | D:11     | Reached skill level 5 in Poison Magic
  8453 | D:11     | Reached XP level 11. HP: 52/85 MP: 11/20
  9028 | D:11     | Found a staircase to the Lair.
  9239 | D:11     | Reached **** piety under Kikubaaqudgha
  9377 | D:11     | Got the Grimoire of the Turtle
  9386 | D:11     | Noticed a two-headed ogre
  9386 | D:11     | Noticed a cyclops
  9398 | D:11     | Killed a cyclops
  9399 | D:11     | Killed a two-headed ogre
  9574 | D:11     | Noticed an orc knight
  9580 | D:11     | Killed an orc knight
  9617 | D:11     | Noticed a green ugly thing
  9625 | D:11     | Killed a purple ugly thing
  9759 | D:11     | Found a staircase to the Orcish Mines.
  9775 | D:11     | Learned a level 5 spell: Irradiate
  9833 | D:11     | Found a runed translucent door.
  9838 | D:11     | Noticed sirJeffrey23's ghost (journeyman FoFi)
 10091 | Lair:1   | Entered Level 1 of the Lair of Beasts
 10123 | Lair:1   | Reached skill level 11 in Ranged Weapons
 10310 | Lair:1   | Reached XP level 12. HP: 74/94 MP: 14/22
 10456 | Lair:1   | Identified the +5 mace of War {protect, Str+5}
 11275 | Lair:2   | Reached ***** piety under Kikubaaqudgha
 11329 | Lair:2   | Noticed Amaemon
 11343 | Lair:2   | Killed Amaemon
 11604 | Lair:2   | Found a dark tunnel.
 11609 | Volcano  | Entered a volcano
 11691 | Volcano  | Noticed a sun demon
 11705 | Volcano  | HP: 3/95 [sun demon (4)]
 11706 | Volcano  | HP: 1/95 [sun demon (3)]
 11706 | Volcano  | Slain by a sun demon

Illustrated notes

Levels and vault maps discovered:
D:1:      dpeg_arrival_ratfight, layout_rooms,
          hellmonk_ecumenical_altar_pennies_from_heaven, serial_shops, shop,
          hangedman_abyss_or_decor_stabs, minivault_14, minmay_tetromino_l2
D:2:      layout_loops_cross, basic_altar, grunt_decor_cap, uniq_robin
D:3:      layout_rooms, gammafunk_ghost_grave, gup_sewer_entry_spiral,
          palyth_stone_intersect, grunt_ministairs_9
D:4:      layout_loops_ring, dk_vineyard_3
D:5:      layout_layer_cave, nrook_mini_vaults, minivault_26
D:6:      layout_loops_corners, hangedman_decor_peaks_small,
          minmay_misc_feat_diagonals
D:7:      layout_basic, minmay_temple_entry_statues_fountains
D:8:      minmay_octagon_keep, layout_basic, mainiacjoe_overflow_alcove_4,
          serial_rivers, chequers_serial_rivers_micro_d,
          chequers_serial_rivers_micro_b, chequers_serial_rivers_large_b,
          chequers_serial_rivers_micro_d, chequers_serial_rivers_micro_e,
          uniq_maurice
D:9:      layout_roguey, ashenzari_altar_1, mainiacjoe_overflow_alcove_2,
          grunt_decor_resistance
D:10:     layout_grid_maze, jmf_multi_god_temple, general_overflow_altar,
          nicolae_shop_i_like_big_books, nicolae_diode_intersection
D:11:     layout_loops_ring, erik_lair_island, david_orc_5,
          ebering_ghost_reflecting_pool, uniq_sonja
Lair:1:   layout_gridlike, beast_lair_carwin_8, serial_bayou_shore_b
Lair:2:   layout_hall_layers, enter_volcano_4, serial_bayou_shore_b,
          serial_bayou_shore_b, uniq_amaemon
Volcano:  volcano_pools

Skill      XL: |  1  2  3  4  5  6  7  8  9 10 11 12 |
---------------+-------------------------------------+-----
Invocations    | 1 2 3 4 5 6 7 8 |  8.3
Short Blades   | 1 2 3 4 5 6 7 |  7.6
Long Blades    | 1 2 3 4 5 6 7 |  7.6
Axes           | 1 2 3 4 5 6 7 |  7.6
Maces & Flails | 1 2 3 4 5 6 7 |  7.6
Polearms       | 1 2 3 4 5 6 7 |  7.6
Staves         | 1 2 3 4 5 6 7 |  7.6
Throwing       | 1 2 3 4 5 6 7 |  7.6
Armour         | 1 2 3 4 5 6 7 |  7.6
Shields        | 1 2 3 4 5 6 7 |  7.6
Unarmed Combat | 1 2 3 4 5 6 7 |  7.6
Spellcasting   | 1 2 3 4 5 6 7 |  7.6
Evocations     | 1 2 3 4 5 6 7 |  7.6
Conjurations   | 1 2 3 4 5 6 |  6.3
Hexes          | 1 2 3 4 5 6 |  6.3
Summonings     | 1 2 3 4 5 6 |  6.3
Necromancy     | 1 2 3 4 5 6 |  6.3
Translocations | 1 2 3 4 5 6 |  6.3
Transmutations | 1 2 3 4 5 6 |  6.3
Fire Magic     | 1 2 3 4 5 6 |  6.3
Ice Magic      | 1 2 3 4 5 6 |  6.3
Air Magic      | 1 2 3 4 5 6 |  6.3
Earth Magic    | 1 2 3 4 5 6 |  6.3
Poison Magic   | 1 2 3 4 5 6 |  6.3
Stealth        | 3 4 5 6 7 8 |  8.0
Fighting       | 5 6 7 8 9 |  9.0
Dodging        | 5 6 7 8 9 |  9.0
Ranged Weapons | 9 10 11 | 11.4

Action                   |  1- 3 |  4- 6 |  7- 9 | 10-12 || total
-------------------------+-------+-------+-------+-------++-------
Melee: Shortbow          |       |     2 |       |       ||     2
       Dagger            |       |       |    54 |     7 ||    61
       Bite              |       |       |    10 |       ||    10
       Punch             |       |       |     4 |       ||     4
       Unarmed           |       |       |     1 |       ||     1
       Falchion          |       |       |     2 |       ||     2
 Fire: Shortbow          |   102 |   195 |   290 |       ||   587
       Triple crossbow   |       |       |     2 |   237 ||   239
 Cast: Mephitic Cloud    |       |       |     4 |     9 ||    13
       Summon Lightning  |       |       |       |    33 ||    33
       Borgnjor's Vile C |       |       |       |    16 ||    16
Evoke: Wand              |       |       |     7 |    11 ||    18
  Use: Scroll            |       |     3 |     9 |     2 ||    14
       Potion            |       |       |       |     3 ||     3
 Stab: Sleeping          |       |       |     1 |     1 ||     2
       Confused          |       |       |     1 |       ||     1
Armor: Leather armour    |    12 |    13 |    91 |       ||   116
       Steam dragon scal |       |       |       |    90 ||    90
Dodge: Dodged            |    37 |    33 |   180 |   232 ||   482
       Repelled          |       |     1 |     1 |       ||     2

Table legend: (Time is in decaauts)
 A = Elapsed time spent in this place.
 B = Non-inter-level travel time spent in this place.
 C = Inter-level travel time spent in this place.
 D = Time resting spent in this place.
 E = Time spent auto-exploring this place.
 F = Levels seen in this place.
 G = Mean time per level.
                   A        B        C        D        E       F      G
               +--------+--------+--------+--------+--------+-----+--------+
         Total |  12038 |  11386 |    652 |   1052 |   8416 |  15 |  802.5 |
       Dungeon |  10336 |   9798 |    538 |   1047 |   7178 |  11 |  939.6 |
          Lair |   1481 |   1368 |    113 |      4 |   1083 |   2 |  740.5 |
         Sewer |    118 |    118 |      0 |      0 |     78 |   1 |  118.0 |
       Volcano |    101 |    101 |      0 |      0 |     76 |   1 |  101.0 |
               +--------+--------+--------+--------+--------+-----+--------+

Top non-repeatable levels by time:
    D:11: 1650 daAuts
    D:10: 1365 daAuts
     D:8: 1333 daAuts
     D:7: 1234 daAuts
  Lair:1: 1120 daAuts
     D:5: 987 daAuts
     D:3: 824 daAuts
     D:6: 804 daAuts
     D:9: 786 daAuts
     D:4: 686 daAuts
     D:1: 500 daAuts
  Lair:2: 361 daAuts
     D:2: 163 daAuts
   Sewer: 118 daAuts
 Volcano: 101 daAuts
